 Dungeon Crawl Stone Soup version 0.30-a0-263-ge22c4ad894 (webtiles) character file.

Game seed: 14437614882644835094

5406 koil the Covert (level 10, -2/44 HPs)
             Began as a Spriggan Enchanter on Oct 14, 2022.
             Was a Believer of Kikubaaqudgha.
             Succumbed to a hornet's poison
             ... on level 9 of the Dungeon.
             The game lasted 00:29:47 (8610 turns).

koil the Covert (Spriggan Enchanter)                Turns: 8610, Time: 00:29:47

Health: -2/44      AC:  6    Str:  4    XL:     10   Next: 40%
Magic:  32/32      EV: 28    Int: 17    God:    Kikubaaqudgha [**....]
Gold:   341        SH:  0    Dex: 20    Spells: 17/25 levels left

rFire   . . .      SeeInvis +    a - +2 dagger (venom)
rCold   . . .      Faith    .    (no shield)
rNeg    . . .      Spirit   .    w - +0 steam dragon scales
rPois   .          Reflect  .    (helmet restricted)
rElec   .          Harm     .    o - +0 cloak
rCorr   .          Rampage  .    (gloves unavailable)
Will    +....                    (boots unavailable)
Stlth   +++++.....               v - amulet of magic regeneration
HPRegen 0.27/turn                L - +4 ring of evasion
MPRegen 0.63/turn                b - ring of magical power

@: lethally poisoned (-2 -> -11), slowed, quick
A: very small, no large weapons, unfitting armour, see invisible, speed 3
a: Renounce Religion, Unearth Wretches


You were on level 9 of the Dungeon.
You worshipped Kikubaaqudgha.
Kikubaaqudgha was pleased with you.
You visited 2 branches of the dungeon, and saw 10 of its levels.
You also visited: Bailey.

You collected 741 gold pieces.
You spent 400 gold pieces at shops.

Inventory:

Hand Weapons
 a - a +2 dagger of venom (weapon)
 i - a +4 scimitar
 l - a +6 dagger of electrocution
 n - a +3 hand axe
 t - a +3 war axe
 C - a +2 dagger of draining
 H - a +6 broad axe
Missiles
 y - a throwing net (quivered)
 E - 9 poisoned darts
 M - 6 atropa-tipped darts
Armour
 o - a +0 cloak (worn)
 w - +0 steam dragon scales (worn)
 x - a +0 robe
Jewellery
 b - a ring of magical power (right hand)
 e - the macabre finger necklace {rN+}
   (You bought it in a shop on level 7 of the Dungeon)

   [amulet of nothing]

   It enables you to equip an extra ring.
   rN:        It protects you from negative energy.
 j - a ring of protection from fire
 v - an amulet of magic regeneration (around neck)
 J - a +6 ring of strength
 L - a +4 ring of evasion (left hand)
Wands
 p - a wand of charming (25)
 r - a wand of flame (27)
Scrolls
 d - a scroll of enchant armour {unknown}
 f - a scroll of enchant weapon {unknown}
 h - 3 scrolls of teleportation
 k - a scroll of fear
 m - 3 scrolls of blinking
 q - 3 scrolls of fog
 F - a scroll of magic mapping {unknown}
 G - a scroll of summoning {unknown}
Potions
 c - 2 potions of invisibility
 g - 3 potions of curing
 s - 2 potions of heal wounds
 u - 4 potions of flight
 z - a potion of lignification
 A - a potion of haste
 B - 5 potions of might
 D - a potion of magic {unknown}
 I - a potion of experience
 K - a potion of mutation {unknown}


   Skills:
 + Level 7.4 Short Blades
 + Level 9.3 Dodging
 + Level 11.3 Stealth
 + Level 8.4 Spellcasting
 + Level 8.8 Hexes
 + Level 3.3 Necromancy


You had 17 spell levels left.
You knew the following spells:

 Your Spells              Type           Power      Damage    Failure   Level
a - Ensorcelled Hibernat  Hex/Ice        44%        N/A       2%          2
b - Confusing Touch       Hex            37%        N/A       1%          3
c - Cigotuvi's Dreadful   Necr/Pois/Air  20%        N/A       10%         2
d - Necrotise             Necr           72%        1d7       2%          1

Your spell library contained the following spells:

 Spells                   Type           Power      Damage    Failure   Level
 Tukima's Dance           Hex            37%        N/A       1%          3
 Sublimation of Blood     Necr           18%        N/A       3%          2
 Kiss of Death            Conj/Necr      48%        2d9       4%          1
 Dazzling Flash           Conj/Hex       44%        N/A       4%          3
 Portal Projectile        Hex/Tloc       44%        N/A       4%          3
 Anguish                  Hex/Necr       13%        N/A       9%          4
 Freeze                   Ice            28%        1d5       10%         1
 Dispel Undead            Necr           18%        3d11      26%         4
 Frozen Ramparts          Ice            14%        1d3       30%         3
 Gell's Gravitas          Tloc           7%         N/A       30%         3
 Hailstorm                Conj/Ice       7%         3d4       30%         3
 Lesser Beckoning         Tloc           14%        N/A       30%         3
 Teleport Other           Tloc           7%         N/A       30%         3
 Metabolic Englaciation   Hex/Ice        11%        N/A       41%         5
 Petrify                  Tmut/Erth      7%         N/A       69%         4
 Blade Hands              Tmut           3%         N/A       95%         5
 Death Channel            Necr           9%         N/A       98%         6
 Statue Form              Tmut/Erth      4%         N/A       100%        6


Dungeon Overview and Level Annotations

Branches:
Dungeon (9/15)             Temple (1/1) D:6          Bailey (visited)
   Lair: D:8-11         Orc: D:9-12

Altars:
Ashenzari
Cheibriados
Elyvilon
Fedhas
Gozag
Hepliaklqana
Kikubaaqudgha
Makhleb
Nemelex Xobeh
Okawaru
Ru
Sif Muna
Trog
Uskayaw
Vehumet
Wu Jian
Xom
Zin
The Shining One

Shops:
D:7 =


Innate Abilities, Weirdness & Mutations

You are very small and have problems with some larger weapons.
You are too small for most types of armour.
You have supernaturally acute eyesight. (SInv)
You cover ground extremely quickly. (Speed+++)


Message History

The bullfrog is moderately wounded.
The bullfrog misses you.
You closely miss the bullfrog.
The bullfrog is moderately wounded.
The hornet completely misses you. The bullfrog completely misses you.
An orc wizard comes into view. It is wielding a +0 dagger.
A yak comes into view.
An orc comes into view. It is wielding a +0 mace.
You hit the bullfrog.
The bullfrog is poisoned.
The bullfrog is heavily wounded.
The hornet stings you.
You are poisoned.
You feel yourself slow down. The bullfrog barely misses you.
You feel very sick. The hornet completely misses you. The hornet stings you.
You suddenly lose the ability to move!
You feel yourself speed up.
You feel very sick. The bullfrog hits you. The hornet stings you!
You shrug off the repeated paralysis!
The bullfrog hits you but does no damage.
You can move again.
You feel sick.
You feel sick.
You feel sick.
You feel sick.
You feel sick.
The bullfrog releases a deep croak.
You feel sick.
You feel better. The hornet stings you!
* * * LOW HITPOINT WARNING * * *
You feel yourself slow down. The bullfrog completely misses you.
The bullfrog attacks as you move away! The bullfrog completely misses you.
The hornet attacks as you move away! The hornet misses you.
The hornet attacks as you move away! The hornet stings you!
* * * LOW HITPOINT WARNING * * *
You are lethally poisoned!
You feel as though you will be slow longer.
You die...
Kikubaaqudgha rasps: "You have failed me!
Welcome... death!"

.# #.........# #.#
#.....h...# #. #.#
#.........# .#
#.###.........# #.#
#.............#
#######.###.......#####.#
..............yF..# .#
#................# .#
#...........@....#
#................#
#................#
#................#
#................# ###
#................#
#.###..)))...........#
.........#############
#.##.....##########


You could see a hornet, a black bear and a bullfrog (very poisoned).

Vanquished Creatures
  An orc warlord (Bailey)
  A two-headed ogre (D:9)
  An orc knight (Bailey)
  Prince Ribbit (D:5)
  A wyvern (D:9)
  A steam dragon (D:8)
  Duvessa (D:7)
  A water moccasin (D:8)
  2 ice beasts
  5 orc warriors (Bailey)
  2 black bears
  An ogre (D:6)
  A centaur (D:6)
  2 kobold brigands
  Blork the orc (D:4)
  3 bullfrogs (D:7)
  3 scorpions
  2 necrophages
  5 wights (D:7)
  Dowan (D:7)
  4 killer bees (D:8)
  A howler monkey (D:8)
  4 hounds
  Crazy Yiuf (D:2)
  2 gnoll boudas
  2 jellies
  2 iguanas
  Ijyb (D:4)
  4 orc wizards
  8 adders
  4 gnolls
  A shadow imp (D:7)
  2 ufetubi
  A dart slug (D:4)
  16 orcs
  3 ball pythons (D:2)
  2 bats (D:2)
  5 endoplasms
  2 giant cockroaches (D:2)
  20 goblins
  7 hobgoblins
  9 jackals
  A quokka (D:2)
  3 frilled lizards
  27 kobolds
  2 rats
170 creatures vanquished.

Vanquished Creatures (others)
  A plant (D:4)
1 creature vanquished.

Grand Total: 171 creatures vanquished

Notes
Turn   | Place    | Note
-------+----------+-------------------------------------------
     0 | D:1      | koil the Spriggan Enchanter began the quest for the Orb.
     0 | D:1      | Reached XP level 1. HP: 9/9 MP: 5/5
   326 | D:1      | Reached XP level 2. HP: 13/13 MP: 6/6
   329 | D:1      | Learned a level 2 spell: Ensorcelled Hibernation
  1034 | D:2      | Reached XP level 3. HP: 16/16 MP: 0/8
  1077 | D:2      | Reached skill level 5 in Stealth
  1352 | D:2      | Reached XP level 4. HP: 16/21 MP: 10/10
  1638 | D:2      | Found a runed translucent door.
  1639 | D:2      | Noticed Crazy Yiuf
  1646 | D:2      | Killed Crazy Yiuf
  1756 | D:3      | Found a hazy altar of Hepliaklqana.
  1857 | D:3      | Noticed a necrophage
  1862 | D:3      | Learned a level 3 spell: Confusing Touch
  1876 | D:3      | Killed a necrophage
  1877 | D:3      | Reached XP level 5. HP: 21/24 MP: 8/11
  2205 | D:3      | Identified the +1 chain mail of the Snake Pit {rCorr
                  | Stlth+}
  2309 | D:3      | Found a bloodstained altar of Trog.
  2610 | D:4      | Reached skill level 6 in Stealth
  2643 | D:4      | Reached XP level 6. HP: 28/28 MP: 10/13
  2753 | D:4      | Reached skill level 5 in Hexes
  2781 | D:4      | Noticed Ijyb
  2788 | D:4      | Killed Ijyb
  2990 | D:4      | Noticed Blork the orc
  2995 | D:4      | Killed Blork the orc
  2996 | D:4      | Reached skill level 5 in Dodging
  3120 | D:4      | Reached XP level 7. HP: 32/32 MP: 13/15
  3292 | D:5      | Entered Level 5 of the Dungeon
  3477 | D:5      | Reached skill level 7 in Stealth
  3692 | D:5      | Reached skill level 5 in Spellcasting
  3984 | D:5      | Noticed Prince Ribbit
  3987 | D:5      | Killed Prince Ribbit
  4206 | D:5      | Reached XP level 8. HP: 22/36 MP: 17/17
  4522 | D:6      | Reached skill level 8 in Stealth
  4674 | D:6      | Found a staircase to the Ecumenical Temple.
  4818 | D:6      | Reached skill level 5 in Short Blades
  5583 | D:7      | Found a snail-covered altar of Cheibriados.
  5762 | Temple   | Entered the Ecumenical Temple
  6156 | Temple   | Became a worshipper of Kikubaaqudgha
  6295 | Temple   | Identified a scroll of acquirement
  6295 | Temple   | Acquired a ring of magical power
  6368 | D:7      | Found a shimmering altar of Xom.
  6446 | D:7      | Found Vueradox's Jewellery Emporium.
  6455 | D:7      | Reached skill level 9 in Stealth
  6482 | D:7      | Bought the macabre finger necklace {rN+} for 400 gold
                  | pieces
  6482 | D:7      | Found the macabre finger necklace {rN+}
  6709 | D:7      | Noticed Duvessa
  6709 | D:7      | Noticed Dowan
  6721 | D:7      | Killed Duvessa
  6730 | D:7      | Reached XP level 9. HP: 39/39 MP: 20/20
  6756 | D:7      | Killed Dowan
  7031 | D:7      | Learned a level 2 spell: Cigotuvi's Dreadful Rot
  7438 | D:8      | Reached skill level 1 in Necromancy
  7481 | D:8      | Reached skill level 10 in Stealth
  7519 | D:8      | Found an opulent altar of Gozag.
  7783 | D:8      | Reached * piety under Kikubaaqudgha
  7783 | D:8      | Received a gift from Kikubaaqudgha
  7786 | D:8      | Learned a level 1 spell: Necrotise
  7857 | D:8      | Found a flagged portal.
  7868 | Bailey   | Entered a bailey
  7873 | Bailey   | Noticed an orc warlord
  7954 | Bailey   | Noticed an orc knight
  7980 | Bailey   | Killed an orc knight
  8090 | Bailey   | Found a runed translucent gate.
  8090 | Bailey   | Found a runed translucent gate.
  8131 | Bailey   | Found a runed translucent gate.
  8346 | Bailey   | Killed an orc warlord
  8347 | Bailey   | Reached skill level 11 in Stealth
  8347 | Bailey   | Reached XP level 10. HP: 44/44 MP: 23/23
  8428 | D:9      | Noticed a two-headed ogre
  8431 | D:9      | Killed a two-headed ogre
  8461 | D:9      | Found an ornate altar of the Wu Jian Council.
  8486 | D:9      | Reached ** piety under Kikubaaqudgha
  8599 | D:9      | Paralysed by a hornet for 1 turns
  8610 | D:9      | HP: 1/44 [hornet (10)]
  8610 | D:9      | Succumbed to a hornet's poison

Illustrated notes

Levels and vault maps discovered:
D:1:      dpeg_arrival_leaves_temple_mockup, layout_loops_corners
D:2:      layout_rooms, uniq_crazy_yiuf_cottage
D:3:      cheibrodos_greedy_goblins, layout_basic,
          mainiacjoe_overflow_six_doors_small, mainiacjoe_overflow_brackets,
          serial_corexii_hall, chequers_hall_statues_wall_a,
          corexii_hall_statues_i, mrwooster_statue_mirror,
          minmay_misc_feat_hallway, nicolae_concentric_dashed_squares_wild
D:4:      layout_basic, serial_bayou, serial_bayou_pond_e, serial_bayou_shore_b,
          serial_bayou_lagoon_b, serial_bayou_pond_a, uniq_ijyb,
          uniq_blork_the_orc
D:5:      layout_rooms, serial_co_window_serial, co_window_of_opportunity_a,
          co_window_cross_1, co_window_of_opportunity_a, co_window_cross_1,
          co_window_corner_a, co_window_corner_a, co_window_paths_a,
          co_window_broadway_c, co_window_unsneaky_path_c,
          co_window_of_opportunity_b, co_window_corner_b, co_window_2corner,
          co_window_corner_cb, glass_columns_a, glass_columns_c,
          glass_columns_a, dk_vineyard_2, uniq_prince_ribbit1
D:6:      layout_loops_ring, minmay_temple_entry_crystal_x
D:7:      layout_basic, nicolae_overflow_crystal_walls, amcnicky_altar_gilded,
          nicolae_stop_n_shop_1, uniq_duvessa
D:8:      layout_rooms, nicolae_gozag_seed_capital, enter_bailey_3
D:9:      layout_long_grid, nicolae_wu_jian_glorious_leap, david_lair_generic,
          erik_orc_3, kennysheep_another_room, st_stairs_8
Temple:   compressed_dpeg_triangle_lava_temple

Skill      XL: |  1  2  3  4  5  6  7  8  9 10 |
---------------+-------------------------------+-----
Dodging        | 3 4 5 6 7 9 |  9.3
Spellcasting   | 3 4 5 6 8 |  8.4
Hexes          | 4 5 6 7 8 |  8.8
Stealth        | 5 6 7 9 11 | 11.3
Short Blades   | 2 3 4 5 7 |  7.4
Necromancy     | 2 3 |  3.3

Action                   |  1- 3 |  4- 6 |  7- 9 | 10-12 || total
-------------------------+-------+-------+-------+-------++-------
Melee: Dagger            |   125 |   129 |   315 |    25 ||   594
       Punch             |       |     4 |     3 |       ||     7
 Cast: Ensorcelled Hiber |     5 |     7 |    31 |     2 ||    45
       Confusing Touch   |       |     1 |    13 |       ||    14
  Use: Scroll            |       |       |    14 |       ||    14
       Potion            |       |       |     2 |     1 ||     3
 Stab: Sleeping          |    11 |     9 |    33 |     1 ||    54
       Confused          |       |     1 |    14 |       ||    15
       Distracted        |       |       |     1 |       ||     1
Armor: Robe              |    17 |    10 |    12 |       ||    39
       Steam dragon scal |       |       |     5 |     2 ||     7
Dodge: Dodged            |    92 |    79 |   191 |    29 ||   391

Table legend: (Time is in decaauts)
 A = Elapsed time spent in this place.
 B = Non-inter-level travel time spent in this place.
 C = Inter-level travel time spent in this place.
 D = Time resting spent in this place.
 E = Time spent auto-exploring this place.
 F = Levels seen in this place.
 G = Mean time per level.
                   A        B        C        D        E       F      G
               +--------+--------+--------+--------+--------+-----+--------+
         Total |   6024 |   5722 |    302 |    367 |   4049 |  11 |  547.6 |
       Dungeon |   5244 |   4973 |    271 |    203 |   3712 |   9 |  582.7 |
        Temple |    383 |    352 |     31 |    100 |    207 |   1 |  383.0 |
        Bailey |    397 |    397 |      0 |     64 |    129 |   1 |  397.0 |
               +--------+--------+--------+--------+--------+-----+--------+

Top non-repeatable levels by time:
     D:7: 945 daAuts
     D:5: 823 daAuts
     D:6: 710 daAuts
     D:1: 624 daAuts
     D:4: 560 daAuts
     D:2: 554 daAuts
     D:3: 517 daAuts
  Bailey: 397 daAuts
  Temple: 383 daAuts
     D:8: 367 daAuts
     D:9: 140 daAuts
